Workbook

Sheet Model
B1: MODEL | M1: SheetName: | N1: =MID(CELL("filename"),FIND("#$",CELL("filename"))+2,LEN(CELL("filename"))) -> Model
B3: Buyer: | C3: Bob in Britain | H3: ** This example assumes Bob (overvalued currency) buys from Ian (undervalued currency), & that both players begin with the same relatively valued wallets
B4: Seller: | C4: Ian in India | H4: ** Solver doesn't run, says model isn't linear when wallets aren’t equally capitalized (eg Bob starts w/ a wallet worth 100 Big Macs, Ian starts w/ 10 Big Macs
B9: ~ Each funds an eQuality Coin wallet worth 10 Big Macs
C10: Amount of Local Currency | E10: Local:eCoin Ex. Rate | F10: # Coins Received | J10: Exchange Rates | N10: Cost of Big Mac
B11: Mike in Mexico | C11: =N12*10 -> 420 | E11: =ROUND(1/Model!J12,Model!$E$16) -> 0.27548 | F11: =ROUND(Model!C11*Model!E11,Model!$E$16) -> 115.7016 | J11: (in Rupees) | K11: (in Dollars) | N11: (in Local Currency) | O11: (in USD)
B12: Bob in Britain | C12: =N14*10 -> 28.9 | E12: =ROUND(1/Model!J14,Model!$E$16) -> 0.0102 | F12: =ROUND(Model!C12*Model!E12,Model!$E$16) -> 0.29478 | I12: Mexican Peso | J12: 3.63 | K12: =ROUND(Model!J13/Model!J12,Model!$K$18) -> 18.88 | M12: Mexico | N12: 42 | O12: =Model!N12/Model!K12 -> 2.2245763
B13: George in the US | C13: =N13*10 -> 49.3 | E13: =ROUND(1/Model!J13,Model!$E$16) -> 0.01459 | F13: =ROUND(Model!C13*Model!E13,Model!$E$16) -> 0.71929 | I13: US Dollars | J13: 68.53 | K13: =ROUND(Model!J13/Model!K15,Model!$K$18) -> 1 | M13: US | N13: 4.93 | O13: =Model!N13/Model!K13 -> 4.93
B14: Ian in India | C14: =N15*10 -> 1270 | E14: =ROUND(1/Model!J15,Model!$E$16) -> 1 | F14: =ROUND(Model!C14*Model!E14,Model!$E$16) -> 1270 | I14: British Pound | J14: 98.01 | K14: =ROUND(Model!J13/Model!J14,Model!$K$18) -> 0.7 | M14: Britain | N14: 2.89 | O14: =Model!N14/Model!K14 -> 4.1285714
C15: =SUM(Model!C11:C14) -> 1768.2 | F15: =SUM(Model!F11:F14) -> 1386.7157 | I15: Indian Rupee | J15: 1 | K15: =ROUND(Model!J13/Model!J15,Model!$K$18) -> 68.53 | M15: India | N15: 127 | O15: =Model!N15/Model!K15 -> 1.853203
B16: round to: | C16: 2 | D16: round to: | E16: 5
I17: Weakest: | J17: Rupee | K17: =MAX(Model!K12:K15) -> 68.53
B18: ~ The value of the wallets are normalized before changes recorded on blockchain. | J18: round to: | K18: 2
C19: Pre-Norm. # of Coins | D19: % of Total | F19: Wallet Value
B20: Mike in Mexico | C20: =Model!F11 -> 115.7016 | D20: =Model!C20/Model!$C$24 -> 0.083435705 | F20: =Model!C20/Model!D20 -> 1386.7157
B21: Bob in Britain | C21: =Model!F12 -> 0.29478 | D21: =Model!C21/Model!$C$24 -> 0.00021257422 | F21: =Model!C21/Model!D21 -> 1386.7157
B22: George in the US | C22: =Model!F13 -> 0.71929 | D22: =Model!C22/Model!$C$24 -> 0.00051870042 | F22: =Model!C22/Model!D22 -> 1386.7157
B23: Ian in India | C23: =Model!F14 -> 1270 | D23: =Model!C23/Model!$C$24 -> 0.91583302 | F23: =Model!C23/Model!D23 -> 1386.7157
C24: =SUM(Model!C20:C23) -> 1386.7157 | D24: =SUM(Model!D20:D23) -> 1 | F24: =SUM(Model!F20:F23) -> 5546.8627
B26: ~ One of the 4 people decide to purchase a Big Mac from someone else in the group.
F27: Wallet Balance
B28: Buyer: | C28: =Model!C3 -> Bob in Britain | F28: =Model!F21 -> 1386.7157
B29: Seller: | C29: =Model!C4 -> Ian in India | F29: =Model!F23 -> 1386.7157
B32: **SITUATION CHANGES HERE
B33: ~ Assume the Buyer and Seller arrive at a price of $x
B34: Also assume x, y, z (the rules to make both parties rational)
B37: Price ($x): | C37: =F20/10 -> 138.67157 | E37: ←Price is 1/10th of wallet value
B40: ~ After the transaction, the resulting balances of all wallets are
C41: Beginning Balance | D41: Change | E41: Ending Balance
B42: Mike in Mexico | C42: =Model!F20 -> 1386.7157 | D42: =IF(Model!$C$28=Model!B42,-Model!$C$37,IF(Model!$C$29=Model!B42,Model!$C$37,0)) -> 0 | E42: =Model!C42+Model!D42 -> 1386.7157
B43: Bob in Britain | C43: =Model!F21 -> 1386.7157 | D43: =IF(Model!$C$28=Model!B43,-Model!$C$37,IF(Model!$C$29=Model!B43,Model!$C$37,0)) -> -138.67157 | E43: =Model!C43+Model!D43 -> 1248.0441
B44: George in the US | C44: =Model!F22 -> 1386.7157 | D44: =IF(Model!$C$28=Model!B44,-Model!$C$37,IF(Model!$C$29=Model!B44,Model!$C$37,0)) -> 0 | E44: =Model!C44+Model!D44 -> 1386.7157
B45: Ian in India | C45: =Model!F23 -> 1386.7157 | D45: =IF(Model!$C$28=Model!B45,-Model!$C$37,IF(Model!$C$29=Model!B45,Model!$C$37,0)) -> 138.67157 | E45: =Model!C45+Model!D45 -> 1525.3872
C46: =SUM(Model!C42:C45) -> 5546.8627 | D46: =SUM(Model!D42:D45) -> 0 | E46: =SUM(Model!E42:E45) -> 5546.8627
B49: ~ To find the wallet's value in units of it's local currency:
B51: ~ First, the wallet's value (in eCoins) must be de-normalized to find it's Coin Value
C52: Normalized Value | D52: Norm. Factor | F52: eCoin Balance
B53: Mike in Mexico | C53: =Model!E42 -> 1386.7157 | D53: =Model!D20 -> 0.083435705 | F53: =Model!C53*Model!D53 -> 115.7016
B54: Bob in Britain | C54: =Model!E43 -> 1248.0441 | D54: =Model!D21 -> 0.00021257422 | F54: =Model!C54*Model!D54 -> 0.265302
B55: George in the US | C55: =Model!E44 -> 1386.7157 | D55: =Model!D22 -> 0.00051870042 | F55: =Model!C55*Model!D55 -> 0.71929
B56: Ian in India | C56: =Model!E45 -> 1525.3872 | D56: =Model!D23 -> 0.91583302 | F56: =Model!C56*Model!D56 -> 1397
B59: ~ Then, the Coin Bal. Can be converted to local at the local:eCoin exchange rate
C60: Coin Balance | D60: eCoin:Local Ex. Rate | F60: Balance in Local
B61: Mike in Mexico | C61: =Model!F53 -> 115.7016 | D61: =Model!E11 -> 0.27548 | F61: =ROUND(Model!C61/Model!D61,5) -> 420
B62: Bob in Britain | C62: =Model!F54 -> 0.265302 | D62: =Model!E12 -> 0.0102 | F62: =ROUND(Model!C62/Model!D62,5) -> 26.01
B63: George in the US | C63: =Model!F55 -> 0.71929 | D63: =Model!E13 -> 0.01459 | F63: =ROUND(Model!C63/Model!D63,5) -> 49.30021
B64: Ian in India | C64: =Model!F56 -> 1397 | D64: =Model!E14 -> 1 | F64: =ROUND(Model!C64/Model!D64,5) -> 1397
B67: REVIEW OF OBSERVATIONS
B69: ~ The change in value (in terms of local) for each in the group would then be…
C70: Beginning Balance | D70: Ending Balance | E70: Change
B71: Mike in Mexico | C71: =Model!C11 -> 420 | D71: =ROUND(Model!F61,2) -> 420 | E71: =Model!D71-Model!C71 -> 0
B72: Bob in Britain | C72: =Model!C12 -> 28.9 | D72: =ROUND(Model!F62,2) -> 26.01 | E72: =Model!D72-Model!C72 -> -2.89
B73: George in the US | C73: =Model!C13 -> 49.3 | D73: =ROUND(Model!F63,2) -> 49.3 | E73: =Model!D73-Model!C73 -> 0
B74: Ian in India | C74: =Model!C14 -> 1270 | D74: =ROUND(Model!F64,2) -> 1397 | E74: =Model!D74-Model!C74 -> 127
B77: Effectively,
B78: Bob paid 283 rupees for the big mac (4.13 USD, 2.89 GBP)
B79: However, Ian sold the big mac for only 127 rupees (1.85 USD, 1.30 GBP)
B80: Therefore, both parties paid their local price for the big mac.
